 Dungeon Crawl Stone Soup version 0.25-a0-279-g53730b6a6f (webtiles) character file.

Game seed: 7355264049593986614, levelgen mode: deterministic

17 MoonlitKnight the Skirmisher (level 2, 29/29 HPs)
             Began as a Troll Fighter on Dec 9, 2019.
             Quit the game on level 2 of the Dungeon.
             The game lasted 00:02:23 (789 turns).

MoonlitKnight the Skirmisher (Troll Fighter)         Turns: 789, Time: 00:02:24

Health: 29/29      AC:  6    Str: 23    XL:     2   Next: 44%
Magic:  1/1        EV:  8    Int:  4    God:
Gold:   88         SH:  8    Dex:  9    Spells: 1/1 levels left

rFire    . . .     SeeInvis .   i - -3 hand crossbow (curse)
rCold    . . .     Gourm    +   b - +0 shield
rNeg     . . .     Faith    .   a - +0 robe
rPois    .         Spirit   .   (helmet restricted)
rElec    .         Reflect  .   (no cloak)
rCorr    .         Harm     .   (gloves unavailable)
MR       .....                  (boots unavailable)
Stlth    +.........             (no amulet)
HPRegen  0.49/turn              (no ring)
MPRegen  0.07/turn              (no ring)

@: no status effects
A: large, unfitting armour, claws 3, fast metabolism 3, gourmand, regeneration
1, shaggy fur 1, tough skin 3
a: no special abilities


You were on level 2 of the Dungeon.
You were not hungry.

You visited 1 branch of the dungeon, and saw 2 of its levels.

You collected 88 gold pieces.

Inventory:

Hand Weapons
 i - a cursed -3 hand crossbow (weapon)
Armour
 a - a +0 robe (worn)
 b - a +0 shield (worn)
Scrolls
 e - a scroll of fog {unknown}
 f - a scroll of fear {unknown}
 g - 2 scrolls of identify {unknown}
 h - a scroll of remove curse {unknown}
Potions
 c - a potion of might
Comestibles
 d - 6 rations


   Skills:
 + Level 2.6 Fighting
 - Level 2.4 Dodging
 + Level 2.6 Shields
 * Level 2.6 Unarmed Combat


You had one spell level left.
You didn't know any spells.
Your spell library was empty.

Dungeon Overview and Level Annotations

Branches:
Dungeon (2/15)

Altars:


Innate Abilities, Weirdness & Mutations

You are too large for most types of armour.
You have claws for hands.
Your metabolism is lightning-fast.
You like to eat raw meat.
Your natural rate of healing is unusually fast.
You are covered in fur. (AC +1)
You have extremely tough skin. (AC +3)


Message History

Done exploring.
Done exploring.
(D) Dungeon
Where to? (? - help)
There is a stone staircase leading down here.
You climb downwards.
Found a runed hand crossbow.
There is a stone staircase leading up here.
You see here a runed hand crossbow.
i - a runed hand crossbow It sticks to your claw!
i - a cursed -3 hand crossbow (weapon)
No target in view!
An adder comes into view.
The adder hisses angrily.
Are you sure you want to abandon this character and quit the game? (Confirm with "yes".)
Okay, then.
Welcome back, MoonlitKnight the Troll Fighter.
Press ? for a list of commands and other information.
Are you sure you want to abandon this character and quit the game? (Confirm with "yes".)

... ..S #..
#.# #.# #.#
#.#
##########@#
#..........#
#.##########
#.# #.# #.#
#.# #.# #.#


You could see an adder.

Vanquished Creatures
  2 leopard geckos (D:1)
  A giant cockroach (D:1)
  3 goblins (D:1)
  3 hobgoblins (D:1)
  2 bats (D:1)
  3 rats (D:1)
  A bush (D:1)
15 creatures vanquished.

Notes
Turn   | Place    | Note
-------+----------+-------------------------------------------
     0 | D:1      | MoonlitKnight the Troll Fighter began the quest for the
                  | Orb.
     0 | D:1      | Reached XP level 1. HP: 22/22 MP: 0/0
   338 | D:1      | Reached XP level 2. HP: 27/29 MP: 1/1
   789 | D:2      | Quit the game

Levels and vault maps discovered:
D:1:      minmay_arrival_nine_rooms, layout_loops_ring, minmay_hedge_maze,
          minmay_misc_feat_alley, chequers_serial_rivers_marsh
D:2:      layout_basic, grunt_temple_overflow_growth_and_decay,
          lemuel_doored_altar, lemuel_zombie_altar_yredelemnul, serial_undead,
          serial_undead_f, serial_undead_d, serial_undead_a, serial_undead_f

Action                   || total
-------------------------++-------
Melee: Unarmed           ||    99
 Stab: Sleeping          ||     1
  Eat: Chunk             ||     6
Armor: Robe              ||     9
Dodge: Dodged            ||    20
Block: Shield            ||    15

Table legend:
 A = Non-vault XP
 B = Vault XP
 C = Vault XP percentage of total XP
 D = Non-vault monster count
 E = Vault monster count
 F = Vault count percentage of total count
                 A         B        C        D         E       F
            +---------+---------+-------+---------+---------+-------
      Total |      25 |       0 |   0.0 |      14 |       0 |   0.0
            +---------+---------+-------+---------+---------+-------
        D:1 |      25 |       0 |   0.0 |      14 |       0 |   0.0
            +---------+---------+-------+---------+---------+-------
